 Dungeon Crawl Stone Soup version 0.28.0 (webtiles) character file.

Game seed: 539512544066370796

45518 oldriver the Thaumaturge (level 14, -13/66 HPs)
             Began as a Felid Summoner on Feb 10, 2022.
             Was an Initiate of Gozag.
             Mangled by a thrashing horror (16 damage)
             ... on level 3 of the Abyss on Feb 11, 2022.
             The game lasted 01:59:28 (51267 turns).

oldriver the Thaumaturge (Felid Summoner)          Turns: 51267, Time: 01:59:29

Health: -13/66     AC:  3    Str:  9 (10) XL:     14   Next: 1%
Magic:  26/32      EV: 24    Int: 27 (28) God:    Gozag
Gold:   193        SH:  0    Dex: 16 (17) Spells: 2/39 levels left
                                        Lives:  0   Deaths: 2

rFire   + + +      SeeInvis +   (weapon unavailable)
rCold   + . .      Faith    .   (shield unavailable)
rNeg    . . .      Spirit   .   (armour unavailable)
rPois   .          Reflect  .   (helmet unavailable)
rElec   .          Harm     .   (cloak unavailable)
rCorr   +          Rampage  +   (gloves unavailable)
Will    ++...      Rage     9%  (boots unavailable)
Stlth   ++++......              P - amulet "Jaroanob" {RegenMP Rampage rF+ rC+}
HPRegen 0.21/turn               G - ring "Ibuot" {Fire Drain Fly rCorr Str+6}
MPRegen 0.63/turn               O - ring "Fiemp" {Wiz rF+ Int+4 Stlth-}

@: flying, very slightly contaminated, quick
A: very small, claws 1, fangs 3, see invisible, speed 1, shaggy fur 3, stealthy
paws, no weapons or thrown items, no armour, multi-lived, [berserk 3],
[deterioration 2]
a: Renounce Religion, Potion Petition, Call Merchant, Bribe Branch


You were on level 3 of the Abyss.
You worshipped Gozag.
Gozag was aware of your devotion.
You visited 6 branches of the dungeon, and saw 26 of its levels.
You visited the Abyss 2 times.
You also visited: Bailey, Gauntlet and Volcano.

You collected 8852 gold pieces.
You spent 3511 gold pieces at shops.
You paid 5148 gold pieces to Gozag.

Inventory:

Jewellery
 a - a +4 ring of protection
 q - a ring of willpower
 z - an amulet of reflection
 C - the ring "Nuffabem" {rN+ Dex+6}
   (You bought it in a shop on level 6 of the Dungeon)

   [ring of positive energy]

   Dex:       It affects your dexterity (+6).
   rN:        It protects you from negative energy.
 G - the ring "Ibuot" (left paw) {Fire Drain Fly rCorr Str+6}
   (You bought it in a shop on level 5 of the Lair of Beasts)

   [ring of fire]

   It enhances your fire magic.
   Str:       It affects your strength (+6).
   rF:        It protects you from fire.
   rC:        It makes you vulnerable to cold.
   Fly:       It grants you flight.
   rCorr:     It protects you from acid and corrosion.
   Drain:     It drains your maximum health when unequipped.
 O - the ring "Fiemp" (right paw) {Wiz rF+ Int+4 Stlth-}
   (You bought it in a shop on level 5 of the Lair of Beasts)

   [ring of wizardry]

   It improves your spell success rate.
   Int:       It affects your intelligence (+4).
   rF:        It protects you from fire.
   Stlth:     It makes you less stealthy.
 P - the amulet "Jaroanob" (around neck) {RegenMP Rampage rF+ rC+}
   (You bought it in a shop on level 6 of the Dungeon)

   [amulet of magic regeneration]

   It increases your rate of magic regeneration.
   rF:        It protects you from fire.
   rC:        It protects you from cold.
   Rampage:   It bestows one free step when moving towards enemies.
Wands
 d - a wand of flame (30)
 i - a wand of digging (6)
 k - a wand of paralysis (7)
 p - a wand of mindburst (9)
 y - a wand of iceblast (24)
 A - a wand of acid (13)
 F - a wand of polymorph (6)
Scrolls
 b - 5 scrolls of teleportation
 j - 5 scrolls of fog
 m - 5 scrolls of torment
 s - 3 scrolls of identify
 u - 2 scrolls of blinking
 v - 2 scrolls of amnesia
 x - a scroll of fear
 B - 4 scrolls of holy word
 J - 2 scrolls of summoning
 L - 3 scrolls of silence
 N - 2 scrolls of magic mapping
Potions
 c - a potion of magic
 f - 6 potions of lignification
 g - 9 potions of mutation
 h - 3 potions of invisibility
 l - 10 potions of haste
 n - 9 potions of curing
 o - a potion of resistance {unknown}
 r - 2 potions of degeneration
 t - 2 potions of might
 w - a potion of ambrosia {unknown}
 H - a potion of attraction
 I - a potion of flight {unknown}
 K - 2 potions of brilliance
 M - a potion of cancellation
Miscellaneous
 D - a tin of tremorstones (2/2)
 E - a phial of floods


   Skills:
 - Level 10.2 Fighting
 + Level 11.6 Dodging
 - Level 11.0 Stealth
 - Level 13.0 Spellcasting
 - Level 10.0 Hexes
 - Level 11.0 Summonings
 + Level 12.4 Transmutations
 + Level 11.7 Air Magic


You had 2 spell levels left.
You knew the following spells:

 Your Spells              Type           Power      Damage    Failure   Level
a - Storm Form            Tmut/Air       35%        N/A       8%          7
c - Call Canine Familiar  Summ           67%        N/A       1%          3
d - Summon Guardian Gole  Hex/Summ       65%        N/A       1%          3
e - Summon Lightning Spi  Summ/Air       68%        N/A       1%          4
p - Airstrike             Air            34%        N/A       1%          4
q - Swiftness             Air            69%        N/A       1%          3
t - Tukima's Dance        Hex            64%        N/A       1%          3
v - Summon Mana Viper     Hex/Summ       65%        N/A       1%          5
y - Yara's Violent Unrav  Hex/Tmut       33%        3d14      1%          5

Your spell library contained the following spells:

 Spells                   Type           Power      Damage    Failure   Level
 Magic Dart               Conj           68%        1d6       1%          1
 Summon Small Mammal      Summ           100%       N/A       1%          1
 Blink                    Tloc           34%        N/A       1%          2
 Call Imp                 Summ           67%        N/A       1%          2
 Ensorcelled Hibernation  Hex/Ice        88%        N/A       1%          2
 Passwall                 Tmut/Erth      41%        N/A       1%          2
 Static Discharge         Conj/Air       49%        N/A       1%          2
 Sublimation of Blood     Necr           17%        N/A       1%          2
 Ignite Poison            Fire/Tmut/Pois 56%        N/A       1%          3
 Mephitic Cloud           Conj/Pois/Air  38%        N/A       1%          3
 Anguish                  Hex/Necr       22%        N/A       1%          4
 Petrify                  Tmut/Erth      50%        N/A       1%          4
 Irradiate                Conj/Tmut      25%        3d21      2%          5
 Summon Cactus Giant      Summ           33%        N/A       2%          6
 Lightning Bolt           Conj/Air       24%        1d40      3%          5
 Summon Forest            Summ/Tloc      23%        N/A       3%          5
 Conjure Flame            Conj/Fire      26%        6-21      4%          3
 Gell's Gravitas          Tloc           17%        N/A       4%          3
 Lesser Beckoning         Tloc           17%        N/A       4%          3
 Stone Arrow              Conj/Erth      34%        3d9       4%          3
 Teleport Other           Tloc           17%        N/A       4%          3
 Passage of Golubria      Tloc           17%        N/A       12%         4
 Sticky Flame             Conj/Fire      26%        2d5       12%         4
 Enfeeble                 Hex            32%        N/A       17%         7
 Iskenderun's Battlesphe  Conj           17%        2d7       32%         5
 Manifold Assault         Tloc           17%        N/A       32%         5
 Maxwell's Capacitive Co  Air            34%        ∞         52%         8
 Spellforged Servitor     Conj/Summ      23%        N/A       69%         7
 Iron Shot                Conj/Erth      8%         9d3       86%         6
 Lehudib's Crystal Spear  Conj/Erth      8%         10d4      100%        8
 Portal Projectile        Hex/Tloc       Unusable   N/A       N/A         3
 Animate Armour           Summ/Erth      Unusable   N/A       N/A         4

Dungeon Overview and Level Annotations

Branches:
Dungeon (15/15)            Temple (1/1) D:6            Lair (6/6) D:10
 Shoals (1/4) Lair:3       Spider (1/4) Lair:3        Slime (0/5) Lair:5
    Orc (2/2) D:11            Elf (0/3) Orc:2        Vaults (0/5) D:13
 Bailey (visited)         Volcano (visited)         Gauntlet (visited)
 Depths: D:15

Altars:
Ashenzari
Cheibriados
Dithmenos
Elyvilon
Fedhas
Gozag
Hepliaklqana
Kikubaaqudgha
Makhleb
Nemelex Xobeh
Okawaru
Qazlal
Ru
Sif Muna
Trog
Uskayaw
Vehumet
Wu Jian
Xom
Yredelemnul
Zin
The Shining One

Shops:
D:3 [   D:6 =   D:11 *?:   Orc:2 =*[(   Lair:5 ::=

Annotations:
D:5 Sigmund
D:12 exclusion: obsidian statue
Shoals:1 3 runed translucent doors, Kaerusk's ghost, adept KoBe


Innate Abilities, Weirdness & Mutations

You have sharp claws.
You have razor-sharp teeth.
You have supernaturally acute eyesight. (SInv)
You cover ground quickly. (Speed+)
Your thick and shaggy fur keeps you warm. (AC +3, rC+)
Your paws help you pounce on unaware monsters.
You are incapable of wielding weapons or throwing items.
You cannot wear armour.
You gain extra lives every three experience levels.
[You have an uncontrollable temper.]
[Your body often deteriorates upon taking damage.]


Message History

A starspawn tentacle comes into view.
A starspawn tentacle comes into view.
The thrashing horror closely misses you.
The thrashing horror completely misses you.
Your transformation is almost over.
The thrashing horror completely misses you.
The thrashing horror misses you.
A raiju comes into view.
The thrashing horror completely misses you.
The thrashing horror misses you.
A raiju comes into view.
The thrashing horror tramples you but does no damage.
The thrashing horror completely misses you.
The thrashing horror tramples you but does no damage.
The thrashing horror misses you.
A tentacle flies out from the starspawn's body!
A starspawn tentacle comes into view.
The thrashing horror barely misses you. The thrashing horror misses you.
Found a gateway leading deeper into the Abyss.
A large abomination comes into view.
The thrashing horror misses you.
The thrashing horror completely misses you.
Your transformation has ended.
You feel yourself growing ill in the presence of the ancient zyme.
The starspawn tentacle grabs you. The starspawn tentacle constricts you.
You escape the starspawn tentacle's grasp.
A sixfirhy comes into view.
The thrashing horror completely misses you. x2
Casting: Storm Form (quite dangerous; 8% risk of failure)
Confirm with . or Enter, or press ? or * to list all spells.
The spell is quite dangerous to miscast (8% risk of failure)!
Continue anyway?
You miscast Storm Form.
You are very lightly contaminated with residual magic.
The wind whips around you!!
* * * LOW HITPOINT WARNING * * *
Your body deteriorates!
You feel weakened.
The flying skull gives a hideous shriek!
The thrashing horror tramples you!
You die...
Your body crumbles into a pile of gold.

#...#......Λ......
#.#..#.......*....
#..#..##.─XD..##.
.
....#.##/.....##.
..
##..../.x.......
...#..../........
. ......./........
.. .#..w..........
.
#.#..@X..........
#...#............
#z. ..##......##.
..§ ...##...X..#
#.§ ...§3..>.....
.# ..#.§. .......
.##.... .. .. .#
.. ..


You could see a bone dragon, a tentacled starspawn, a wretched star, an ancient
zyme, a thrashing horror, a large abomination, a sixfirhy, a starspawn tentacle
and a flying skull.

Vanquished Creatures
  Rupert (Lair:3)
  3 tentacled starspawn
  Snorg (Lair:6)
  2 merfolk javelineers (Shoals:1)
  3 merfolk impalers (Shoals:1)
  2 centaur warriors (D:13)
  A hydra (D:13)
  2 boulder beetles
  A catoblepas (Lair:6)
  A two-headed ogre (D:13)
  3 orc high priests (Orc:2)
  2 sun demons (Abyss:3)
  2 wretched stars (Abyss:2)
  A glowing orange brain (shapeshifter) (D:14)
  2 starcursed masses (Abyss:2)
  A wizard (D:14)
  4 harpies (Shoals:1)
  A deep elf pyromancer (D:15)
  2 wolf spiders (Lair:3)
  2 fauns
  3 cyclopes
  6 orc sorcerers
  2 manticores (D:14)
  3 merfolk sirens (Shoals:1)
  An apocalypse crab (Abyss:2)
  A cane toad (Lair:5)
  2 demonic crawlers (Lair:3)
  A rime drake (Lair:6)
  A komodo dragon (D:13)
  2 ancient zymes (Abyss:2)
  2 merfolk (Shoals:1)
  2 trolls (D:13)
  A meliai (shapeshifter) (Abyss:3)
  A meliai (Lair:3)
  5 large abominations
  A tarantella (Lair:3)
  A dream sheep (Lair:6)
  5 raiju (Abyss:2)
  2 snapping turtles (Shoals:1)
  4 wraiths
  A water elemental (D:14)
  6 small abominations
  A flying skull (Abyss:2)
  A hog (D:12)
  10 humans
  3 yaks
  2 fire elementals (D:15)
  A basilisk (D:14)
  2 redbacks
  A warg (Orc:1)
  2 hell hounds
  8 orc warriors
  A phantom (D:5)
  2 ogres
  3 centaurs (D:13)
  A nameless horror (Lair:6)
  A killer bee (D:8)
  A wight (Abyss:2)
  An electric eel (D:14)
  A quasit (Abyss:2)
  12 orc priests
  A jelly (Lair:5)
  10 orc wizards
  2 river rats (Lair:6)
  A white imp (Abyss:2)
  24 orcs
  2 endoplasms (Lair:5)
  A hobgoblin (D:4)
185 creatures vanquished.

Vanquished Creatures (collateral kills)
  Kirke (D:12)
  An entropy weaver (Lair:3)
  A green death (D:14)
  Erolcha (Orc:1)
  5 hydras
  4 catoblepae
  3 centaur warriors
  A merfolk avatar (Shoals:1)
  4 two-headed ogres
  Erica (Lair:1)
  2 tengu warriors (D:14)
  Urug (D:13)
  An orc high priest (Orc:2)
  7 death yaks (Lair:6)
  A lindwurm (Lair:6)
  4 orc knights
  4 manticores
  2 ugly things
  A faun (Shoals:1)
  2 cyclopes (D:11)
  A merfolk siren (Lair:3)
  12 elephants
  2 black mambas
  8 cane toads
  An unseen horror (D:11)
  2 yaktaurs (Volcano)
  9 komodo dragons
  4 rime drakes
  A polar bear (Lair:6)
  2 meliai (Spider:1)
  3 trolls (D:11)
  3 merfolk (Lair:3)
  Grinder (D:4)
  19 blink frogs
  A snapping turtle (Shoals:1)
  3 dream sheep (Lair:6)
  A shadow (D:9)
  A wyvern (Lair:2)
  3 basilisks
  4 wraiths
  30 yaks
  4 hogs (D:12)
  A steam dragon (Lair:3)
  8 humans
  12 vampire mosquitoes
  2 wargs
  An acid dragon (D:10)
  5 water moccasins
  3 black bears
  17 orc warriors
  2 ice beasts
  6 ogres
  7 wolves
  4 centaurs
  Blork the orc (D:5)
  5 kobold brigands
  22 bullfrogs
  2 gnoll sergeants (D:11)
  A scorpion (D:7)
  A wyvern zombie (D:8)
  3 killer bees (D:8)
  5 wights
  3 howler monkeys (D:9)
  6 centaur zombies
  2 bullfrog zombies
  4 hounds
  6 orc priests
  4 jellies
  A gnoll shaman (D:7)
  Jessica (D:2)
  2 iguanas
  12 orc wizards
  2 hell rats (Lair:6)
  A killer bee zombie (D:8)
  A nameless horror (D:11)
  A hound skeleton (D:5)
  2 howler monkey zombies
  12 gnolls
  2 howler monkey skeletons (D:5)
  5 adders
  9 river rats (Lair:6)
  A shadow imp (D:4)
  A white imp (D:8)
  3 ufetubi
  An adder zombie (D:5)
  4 worms
  2 dart slugs (D:1)
  61 orcs
  6 bats
  4 endoplasms
  6 giant cockroaches
  12 goblins
  8 hobgoblins
  21 kobolds
  4 quokkas
  3 ball pythons
  4 frilled lizards
  6 rats
  A spectral hobgoblin (D:1)
  A butterfly (D:6)
495 creatures vanquished.

Vanquished Creatures (others)
  An orc warlord (Orc:2)
  Fannar (Lair:3)
  2 vault guards (Bailey)
  Harold (D:7)
  A hydra (Lair:3)
  A death yak (Lair:6)
  A centaur zombie (D:10)
  A cane toad (Lair:2)
  A komodo dragon (Lair:2)
  A troll (D:11)
  A polar bear (Lair:6)
  A raiju (Abyss:2)
  Prince Ribbit (D:7)
  A hornet (D:7)
  2 humans (Bailey)
  3 yaks
  A vampire mosquito (D:10)
  Menkaure (D:7)
  An acid dragon (D:10)
  A hell hound (Abyss:3)
  A hornet zombie (D:6)
  3 orc warriors
  A kobold brigand (D:11)
  3 wights
  2 killer bees (D:8)
  A nameless horror (D:9)
  A gnoll (D:7)
  2 kobolds (D:11)
  46 fungi
  80 plants
  14 starspawn tentacles
  10 tentacles (Shoals:1)
  7 withered plants
195 creatures vanquished.

Grand Total: 875 creatures vanquished

Notes
Turn   | Place    | Note
-------+----------+-------------------------------------------
     0 | D:1      | oldriver the Felid Summoner began the quest for the Orb.
     0 | D:1      | Reached XP level 1. HP: 7/7 MP: 4/4
   331 | D:1      | Reached XP level 2. HP: 11/11 MP: 3/6
   701 | D:1      | Learned a level 2 spell: Call Imp
   947 | D:1      | Found a faded altar of an unknown god.
  1226 | D:1      | Reached XP level 3. HP: 14/14 MP: 2/8
  1230 | D:1      | Learned a level 3 spell: Call Canine Familiar
  2251 | D:2      | Reached skill level 3 in Spellcasting
  3081 | D:2      | Noticed Jessica
  3091 | D:2      | Killed Jessica
  3092 | D:2      | Reached skill level 5 in Summonings
  3092 | D:2      | Reached XP level 4. HP: 18/18 MP: 6/9
  3371 | D:3      | Found Wedatruc's Armour Boutique.
  3932 | D:3      | You fall into a shaft and drop 2 floors!
  3932 | D:5      | Entered Level 5 of the Dungeon
  3932 | D:5      | Noticed an ogre
  3932 | D:5      | Noticed an ogre
  3935 | D:5      | Noticed Sigmund
  3980 | D:4      | Reached XP level 5. HP: 21/21 MP: 8/11
  4588 | D:4      | Noticed Grinder
  4589 | D:4      | Paralysed by Grinder for 3 turns
  5332 | D:4      | Reached skill level 4 in Spellcasting
  5581 | D:4      | Paralysed by Grinder for 2 turns
  5797 | D:4      | Killed Grinder
  5798 | D:4      | Gained mutation: You are covered in thick fur. (AC +2)
                  | [Felid growth]
  5798 | D:4      | Reached XP level 6. HP: 24/24 MP: 0/14
  6239 | D:4      | Learned a level 3 spell: Summon Guardian Golem
  6244 | D:4      | Learned a level 4 spell: Summon Lightning Spire
  6429 | D:5      | Found the +18 Lear's hauberk
  6475 | D:5      | Noticed Blork the orc
  6512 | D:5      | Killed Blork the orc
  6513 | D:5      | Reached skill level 5 in Spellcasting
  6624 | D:5      | Reached XP level 7. HP: 27/27 MP: 7/16
  7708 | D:5      | Reached skill level 1 in Fighting
  7708 | D:5      | Reached skill level 1 in Air Magic
  8165 | D:5      | Reached XP level 8. HP: 33/33 MP: 10/17
  8192 | D:5      | Reached skill level 6 in Spellcasting
  8230 | D:5      | Reached skill level 1 in Hexes
  8655 | D:6      | Found a staircase to the Ecumenical Temple.
  8661 | Temple   | Entered the Ecumenical Temple
  9095 | Temple   | Became a worshipper of Gozag Ym Sagoz the Greedy
  9179 | D:6      | Reached skill level 5 in Dodging
  9588 | D:6      | Found Elucidukk's Jewellery Shoppe.
 10171 | D:7      | Noticed a hornet
 10186 | D:7      | Killed a hornet
 10325 | D:7      | Noticed Menkaure
 10797 | D:7      | Killed Menkaure
 10925 | D:7      | Identified the +6 dagger of the Saving Dove {vorpal, rPois
                  | Str-3 Int-4 Stlth+}
 11180 | D:7      | Reached XP level 9. HP: 39/39 MP: 10/20
 11540 | D:7      | Noticed Harold
 11677 | D:7      | Reached skill level 5 in Hexes
 11740 | D:7      | Noticed Prince Ribbit
 11755 | D:7      | Reached skill level 7 in Spellcasting
 11772 | D:7      | Killed Prince Ribbit
 12087 | D:7      | Reached skill level 5 in Fighting
 12088 | D:7      | Killed Harold
 12089 | D:7      | Reached skill level 8 in Spellcasting
 12437 | D:8      | Reached skill level 5 in Air Magic
 12737 | D:8      | Identified the +9 whip of Ybouckun {vorpal, rC+}
 13039 | D:8      | Found a broken altar of Ashenzari.
 13335 | D:8      | Found a hide-covered altar of Uskayaw.
 13728 | D:8      | Reached XP level 10. HP: 44/44 MP: 6/23
 14292 | D:9      | Identified a scroll of acquirement
 14292 | D:9      | Acquired Great Wizards, Vol. VII
 14298 | D:9      | Learned a level 3 spell: Tukima's Dance
 14508 | D:9      | HP: 2/44 [something] (5)]
 14872 | D:9      | Found a flagged portal.
 14898 | Bailey   | Entered a bailey
 15247 | Bailey   | Reached skill level 5 in Stealth
 15666 | Bailey   | Noticed a vault guard
 15701 | Bailey   | Killed a vault guard
 15831 | Bailey   | Noticed a vault guard
 15842 | Bailey   | Killed a vault guard
 16046 | Bailey   | Acquired 701 gold pieces
 16475 | D:9      | Learned a level 5 spell: Yara's Violent Unravelling
 16475 | D:9      | Reached skill level 9 in Spellcasting
 16475 | D:9      | Reached XP level 11. HP: 49/49 MP: 23/25
 16514 | D:10     | Entered Level 10 of the Dungeon
 17133 | D:11     | Noticed a brown ugly thing
 17173 | D:10     | Gained mutation: Your thick and shaggy fur keeps you warm.
                  | (AC +3, rC+) [Felid growth]
 17173 | D:10     | Reached XP level 12. HP: 53/53 MP: 5/26
 17300 | D:11     | Learned a level 5 spell: Summon Mana Viper
 17301 | D:11     | Found Fomupocw's General Store.
 17306 | D:11     | Noticed a two-headed ogre
 17318 | D:11     | Killed a two-headed ogre
 17335 | D:11     | Learned a level 3 spell: Swiftness
 17413 | D:11     | Found a gate leading to a gauntlet.
 17444 | Gauntlet | Entered a Gauntlet
 17444 | Gauntlet | Found a transporter.
 17509 | Gauntlet | Found a transporter.
 17511 | Gauntlet | Found a transporter.
 17522 | Gauntlet | Found a transporter.
 17525 | Gauntlet | Found a transporter.
 17541 | Gauntlet | Found a transporter.
 17552 | Gauntlet | Found a transporter.
 17563 | Gauntlet | Found a transporter.
 17574 | Gauntlet | Found a transporter.
 17590 | Gauntlet | Found a transporter.
 17592 | Gauntlet | Found a transporter.
 17604 | Gauntlet | Found a transporter.
 17646 | Gauntlet | Found a transporter.
 17653 | Gauntlet | Noticed a death yak
 17653 | Gauntlet | Noticed a death yak
 17656 | Gauntlet | Noticed a death yak
 17658 | Gauntlet | Noticed a death yak
 17658 | Gauntlet | Noticed a death yak
 17660 | Gauntlet | Found a transporter.
 17840 | D:11     | Noticed a two-headed ogre
 17851 | D:11     | Killed a two-headed ogre
 17852 | D:11     | Reached skill level 10 in Spellcasting
 17852 | D:11     | Reached skill level 5 in Transmutations
 18498 | D:10     | Found a staircase to the Lair.
 18932 | D:10     | Reached skill level 10 in Dodging
 19501 | D:11     | Found Lutes's Magic Scroll Boutique.
 19905 | D:11     | Reached skill level 10 in Stealth
 19924 | D:11     | Identified the +7 war axe of Fragile Peace {holy, Int+5}
 20308 | D:11     | Found a basalt altar of Yredelemnul.
 20446 | D:11     | Found a staircase to the Orcish Mines.
 20688 | Lair:1   | Entered Level 1 of the Lair of Beasts
 20688 | Lair:1   | Noticed a seven-headed hydra
 20695 | Lair:1   | Killed a seven-headed hydra
 21105 | Lair:1   | Noticed a five-headed hydra
 21115 | Lair:1   | Killed a five-headed hydra
 21289 | Lair:1   | Reached skill level 10 in Hexes
 21918 | Lair:1   | Noticed Erica
 21930 | Lair:1   | Killed Erica
 22839 | Lair:2   | Reached XP level 13. HP: 60/60 MP: 14/28
 23918 | Lair:3   | Found a hole to the Spider Nest.
 23923 | Lair:3   | Noticed Fannar
 23939 | Lair:3   | Killed Fannar
 23939 | Lair:3   | HP: 2/60 [cane toad (20)]
 24214 | Lair:3   | Reached skill level 10 in Summonings
 24255 | Lair:3   | Reached skill level 10 in Fighting
 24797 | Lair:3   | Found a staircase to the Shoals.
 24842 | Lair:3   | You fall into a shaft and drop 2 floors!
 25006 | Lair:4   | Found a dark tunnel.
 25017 | Volcano  | Entered a volcano
 25122 | Volcano  | Noticed a red draconian
 26107 | Lair:4   | Noticed Rupert
 26394 | Lair:3   | Killed Rupert
 27143 | Lair:4   | Learned a level 4 spell: Airstrike
 27976 | Lair:5   | Found a staircase to the Slime Pits.
 28543 | Lair:6   | Entered Level 6 of the Lair of Beasts
 29439 | Lair:5   | Reached XP level 14. HP: 66/66 MP: 9/29
 29990 | Lair:6   | Reached skill level 11 in Spellcasting
 30118 | Lair:6   | Noticed Snorg
 30126 | Lair:6   | Killed Snorg
 31995 | Lair:5   | Bought Ligudamm's Grimoire of Weightlessness for 448 gold
                  | pieces
 34520 | D:12     | Noticed Kirke
 34946 | D:12     | Killed Kirke
 34947 | D:12     | Reached skill level 12 in Spellcasting
 36078 | Orc:1    | Entered Level 1 of the Orcish Mines
 36663 | Orc:2    | Entered Level 2 of the Orcish Mines
 37356 | Orc:1    | Reached skill level 10 in Transmutations
 37844 | Orc:1    | Noticed Erolcha
 37909 | Orc:1    | Killed Erolcha
 38605 | Orc:1    | Reached skill level 10 in Air Magic
 39300 | Orc:2    | Noticed an orc warlord
 39310 | Orc:2    | Killed an orc warlord
 39311 | Orc:2    | Reached XP level 15. HP: 52/69 MP: 0/32
 41400 | Orc:2    | Found Ihumoutz's Antique Armour Boutique.
 41401 | Orc:2    | Found Patum's Antique Weapon Boutique.
 41403 | Orc:2    | Found Bain's General Store.
 41403 | Orc:2    | Found Fameah's Jewellery Shop.
 41535 | Orc:2    | Found a staircase to the Elven Halls.
 41786 | D:13     | Noticed Urug
 41786 | D:13     | Found a gate to the Vaults.
 42889 | D:13     | Identified the +7 shortbow "Peekumij" {venom, +Blink rElec
                  | rCorr}
 43203 | D:13     | Identified the +8 hand crossbow "Xepoducw" {vorpal, rC+
                  | rCorr MP-9}
 43219 | D:13     | Killed Urug
 45017 | Lair:5   | Bought the Catalogue of Dislocation for 504 gold pieces
 45037 | Lair:5   | Bought the ring "Fiemp" {Wiz rF+ Int+4 Stlth-} for 816 gold
                  | pieces
 45248 | D:6      | Bought the amulet "Jaroanob" {RegenMP Rampage rF+ rC+} for
                  | 561 gold pieces
 45266 | D:6      | Bought the ring "Nuffabem" {rN+ Dex+6} for 435 gold pieces
 45432 | D:13     | Learned a level 7 spell: Storm Form
 45683 | D:14     | Acquired 541 gold pieces
 46222 | D:14     | Cast into level 2 of the Abyss (a wizard)
 46348 | Abyss:2  | Noticed a tentacled starspawn
 46370 | Abyss:2  | Killed a tentacled starspawn
 46751 | Abyss:2  | Noticed a tentacled starspawn
 46759 | Abyss:2  | Killed a tentacled starspawn
 46996 | D:14     | Escaped the Abyss
 47670 | D:15     | Entered Level 15 of the Dungeon
 48094 | Lair:5   | Bought the ring "Ibuot" {Fire Drain Fly rCorr Str+6} for
                  | 747 gold pieces
 48146 | Spider:1 | Entered Level 1 of the Spider Nest
 49079 | Lair:4   | Slain by an entropy weaver
 49080 | Lair:4   | Reached XP level 14. HP: -1/66 MP: 25/31
 49166 | Shoals:1 | Entered Level 1 of the Shoals
 50018 | Shoals:1 | Reached skill level 13 in Spellcasting
 50284 | Shoals:1 | Noticed a kraken
 50331 | Shoals:1 | Reached XP level 15. HP: 69/69 MP: 22/33
 50555 | Shoals:1 | Found a runed translucent gate.
 50555 | Shoals:1 | Found a runed translucent gate.
 50555 | Shoals:1 | Found a runed translucent gate.
 50556 | Shoals:1 | Noticed Kaerusk's ghost (adept KoBe)
 50583 | Shoals:1 | Noticed a kraken
 50626 | Shoals:1 | Noticed a kraken
 50780 | Shoals:1 | Cast into level 3 of the Abyss (merfolk impaler)
 50949 | Abyss:3  | Noticed a tentacled starspawn
 50954 | Abyss:3  | HP: 1/69 [tentacled starspawn (6)]
 50957 | Abyss:3  | Killed a tentacled starspawn
 50961 | Abyss:3  | Mangled by a snapping turtle
 50962 | Abyss:3  | Reached XP level 14. HP: -10/99 MP: 32/32
 51178 | Abyss:3  | Noticed a tentacled starspawn
 51178 | Abyss:3  | Noticed a tentacled starspawn
 51191 | Abyss:3  | Noticed a starcursed mass
 51238 | Abyss:3  | Noticed a bone dragon
 51251 | Abyss:3  | Noticed a tentacled starspawn
 51267 | Abyss:3  | HP: 3/66 [something (18)]
 51267 | Abyss:3  | Mangled by a thrashing horror

Illustrated notes

Levels and vault maps discovered:
D:1:      wander_arrival_lonely_grave, layout_basic,
          dreamdust_ecumenical_altar_drowned_temple, minmay_vboxes
D:2:      minmay_door_path, layout_basic, uniq_jessica
D:3:      layout_rooms, serial_shops, nicolae_shop_statue_plus
D:4:      layout_loops_corners, gup_sewer_entry_spiral, uniq_grinder
D:5:      minmay_general_purpose_star, layout_cave_pods,
          nicolae_elevator_lobby_asterisk, uniq_sigmund, uniq_blork_the_orc
D:6:      layout_cave_pools, minmay_temple_entry_butterflies, serial_shops,
          nicolae_shop_advertising_works [nicolae_subvault_shop_adworks]
D:7:      layout_layer_cave, uniq_menkaure, uniq_prince_ribbit1, uniq_harold
D:8:      layout_rooms, nicolae_uskayaw_murder_on_the_dancefloor,
          evilmike_ruin_ashenzari, hangedman_decor_push
D:9:      layout_roguey, enter_bailey_5, grunt_ministairs_11
D:10:     layout_loops_cross, lair_entry_dummy
D:11:     layout_cave_pools, kennysheep_orc_monster_closet_entryway,
          serial_shops, nicolae_shop_waterfront, nicolae_shop_stone,
          serial_column_ruins, column_ruins_grid_1, column_ruins_open_tiny,
          column_ruins_open_small, column_ruins_columns_corner,
          column_ruins_grid_4, column_ruins_columns_dead_end,
          column_ruins_columns_T, gauntlet_entry_generic,
          yredelemnul_altar_generic
D:12:     layout_small_grid, chequers_mini_garden, minmay_protected_statue,
          uniq_kirke
D:13:     layout_cave_pods, david_vaults_3
D:14:     layout_layer_cave, serial_bayou_ford_a
D:15:     gammafunk_depths_entry_grave, layout_long_grid, grunt_ministairs_8,
          minmay_checkered_concentric_circles, uniq_azrael
Temple:   mainiacjoe_temple_big_plus
Lair:1:   layout_cave_pods, grunt_forest_small_clearing_treed,
          serial_bayou_shore_a, lemuel_fruit_tree, uniq_erica
Lair:2:   layout_chaotic_city
Lair:3:   layout_misc_corridors, elwin_shoals_entry_stream,
          spider_nest_entry_web_field, uniq_fannar
Lair:4:   layout_loops_ring, nicolae_volcano_entry_two_sided, uniq_rupert
Lair:5:   layout_big_grid, nicolae_slime_entry_slimehenge
Lair:6:   evilmike_catoblepas_cave, layout_loops_ring, kennysheep_rathole,
          uniq_snorg
Shoals:1: dreamdust_from_the_deep, layout_shoals, gammafunk_ghost_necromancy,
          serial_shops, shop
Spider:1: layout_spider_delve
Orc:1:    layout_caves, uniq_erolcha
Orc:2:    st_orc_congregation, layout_caves
Abyss:3:  base: Lair:1, evilmike_nicolae_abyss_rune_betentacled_crabyss,
          gammafunk_abyss_rune_reverse_zot, abyss_greek_temple,
          hangedman_abyss_rune_macabre_mess, hangedman_abyss_or_decor_passed

Skill      XL: |  1  2  3  4  5  6  7  8  9 10 11 12 13 14 15 |
---------------+----------------------------------------------+-----
Spellcasting   | 3 4 5 6 8 9 10 13 | 13.0
Summonings     | 5 6 7 9 10 11 | 11.0
Dodging        | 4 5 9 10 11 | 11.6
Fighting       | 2 4 5 6 8 10 | 10.2
Air Magic      | 1 2 5 6 7 10 11 | 11.7
Hexes          | 4 5 7 10 | 10.0
Stealth        | 3 8 9 10 11 | 11.0
Transmutations | 4 5 7 10 12 | 12.4

Action                   |  1- 3 |  4- 6 |  7- 9 | 10-12 | 13-15 || total
-------------------------+-------+-------+-------+-------+-------++-------
Melee: Unarmed           |       |     3 |    20 |    18 |   292 ||   333
       Bite              |       |     1 |     3 |     1 |     3 ||     8
       Punch             |       |       |     1 |     2 |    16 ||    19
 Cast: Summon Small Mamm |    99 |    65 |    63 |     8 |       ||   235
       Call Imp          |    26 |    51 |    41 |    11 |     4 ||   133
       Call Canine Famil |       |     8 |    56 |    55 |    76 ||   195
       Summon Guardian G |       |       |    27 |    45 |    69 ||   141
       Summon Lightning  |       |       |    19 |    92 |   190 ||   301
       Summon Mana Viper |       |       |       |    28 |   104 ||   132
       Tukima's Dance    |       |       |       |     1 |       ||     1
       Airstrike         |       |       |       |       |   383 ||   383
       Yara's Violent Un |       |       |       |       |     3 ||     3
       Storm Form        |       |       |       |       |    45 ||    45
Invok: Call Merchant     |       |       |       |     1 |     3 ||     4
       Potion Petition   |       |       |       |       |     3 ||     3
 Abil: Blinkbolt         |       |       |       |       |     6 ||     6
Evoke: Wand              |       |       |       |       |     6 ||     6
  Use: Scroll            |       |     1 |     4 |    17 |    12 ||    34
       Potion            |       |       |     1 |     2 |     7 ||    10
 Stab: Distracted        |       |       |     1 |     1 |     2 ||     4
Armor: Skin              |     4 |     8 |    16 |    15 |   126 ||   169
Dodge: Dodged            |    20 |    31 |    57 |    96 |   844 ||  1048
Block: Other             |       |       |       |    11 |    48 ||    59
       Reflection        |       |       |       |     2 |     7 ||     9
